 Dungeon Crawl Stone Soup version 0.18-a0-888-gdb73dea (webtiles) character file.

238 filipzpl the Skirmisher (level 6, 0/40 HPs)
             Began as a Gargoyle Berserker on Dec 23, 2015.
             Was a Priest of Trog.
             Slain by Sigmund
             ... wielding a +0 scythe
              (8 damage)
             ... on level 3 of the Dungeon.
             The game lasted 00:13:16 (2525 turns).

filipzpl the Skirmisher (Gargoyle Berserker)        Turns: 2525, Time: 00:13:16

Health: 0/40       AC: 15    Str: 23    XL:     6   Next: 7%
Magic:  6/6        EV: 11    Int:  7    God:    Trog [***...]
Gold:   77         SH:  0    Dex:  9    Spells: 0 memorised, 5 levels left

rFire  . . .     SeeInvis .     a - +0 mace
rCold  . . .     Gourm    .     f - +4 ring mail
rNeg   + . .     Faith    .     (no shield)
rPois  ∞         Spirit   .     j - +0 helmet
rElec  +         Dismiss  .     (no cloak)
rCorr  .         Reflect  .     (no gloves)
SustAt .         Harm     .     (no boots)
MR     .....                    (no amulet)
Stlth  ..........               (no ring)
                                (no ring)

@: not resistant to hostile enchantments, extremely unstealthy
A: negative energy resistance 1, electricity resistance, unbreathing,
petrification resistance, rot immunity, AC +4
a: Berserk, Trog's Hand, Burn Spellbooks, Renounce Religion


You were on level 3 of the Dungeon.
You worshipped Trog.
Trog was most pleased with you.
You were not hungry.

You visited 1 branch of the dungeon, and saw 3 of its levels.

You collected 77 gold pieces.

Inventory:

Hand Weapons
 a - a +0 mace (weapon)
Armour
 f - a +4 ring mail (worn)
 j - a +0 helmet (worn)
Wands
 c - a wand of paralysis (3/24)
Scrolls
 b - a scroll of identify
 n - a scroll of remove curse
Potions
 d - a potion of cancellation {unknown}
 e - a potion of might {unknown}
 g - 3 potions of curing {unknown}
 i - a potion of heal wounds {unknown}
 k - a potion of magic
 m - a potion of haste {unknown}
 p - a potion of brilliance {unknown}
Comestibles
 l - 3 meat rations


   Skills:
 * Level 5.2 Fighting
 * Level 4.6 Maces & Flails
 - Level 3.0 Armour
 - Level 2.1 Dodging


You had 5 spell levels left.
You didn't know any spells.

Dungeon Overview and Level Annotations

Branches:
Dungeon (3/15)

Altars:
Elyvilon
Okawaru

Annotations:
D:3 Sigmund


Innate Abilities, Weirdness & Mutations

You are resistant to torment.
Your stone body is resilient (AC +4).
You are immune to poison.
You resist negative energy.
You are resistant to electric shocks.
You can survive without breathing.
You are immune to petrification.
You are immune to rotting.


Message History

The bat closely misses you. Something hits you but does no damage.
The hobgoblin hits you but does no damage.
You closely miss the hobgoblin. The bat barely misses you.
The bat hits you but does no damage. The hobgoblin hits you.
* * * LOW HITPOINT WARNING * * *
Something hits you but does no damage. The bat hits you but does no damage.
You barely miss the hobgoblin. The bat barely misses you.
The bat barely misses you. The hobgoblin barely misses you.
Something hits you but does no damage.
You barely miss the hobgoblin. The bat hits you but does no damage.
The hobgoblin closely misses you.
The hobgoblin hits you but does no damage.
You barely miss the hobgoblin. The bat hits you but does no damage.
Something hits you but does no damage. The bat closely misses you.
The hobgoblin misses you.
You hit the hobgoblin.
The hobgoblin is severely wounded.
The bat hits you but does no damage. The bat barely misses you.
Something hits you!
You die...

#.#..#.[## ##.#
#.###.#..###.##
#.#.......#.##
#.#.###.##..###### ....#
#...<..)...#
#...###.....####.#
###.....###.####.#######
#####.#.# #...{..b......
.# #.#.# ######@######
.# #.#.# #g# .# #{#..
#.. .# #.##. #... .# #.#
.# ..... @# #.# .#
...... .# ##.##.###
.....## .###.........
.....## .....#...####


You could see a hobgoblin and a bat.

Vanquished Creatures
  Ijyb (D:3)
  Natasha (twice) (D:2)
  Robin (D:3)
  10 adders
  An ooze (D:2)
  2 worms (D:2)
  3 orcs (D:3)
  5 bats
  2 giant cockroaches (D:2)
  9 goblins
  14 hobgoblins
  2 jackals (D:2)
  2 quokkas
  A giant gecko (D:2)
  5 giant newts
  6 kobolds
  6 rats
72 creatures vanquished.

Notes
Turn   | Place    | Note
--------------------------------------------------------------
     0 | D:1      | filipzpl the Gargoyle Berserker began the quest for the Orb.
     0 | D:1      | Reached XP level 1. HP: 14/14 MP: 1/1
    59 | D:1      | Reached XP level 2. HP: 10/19 MP: 2/2
   779 | D:2      | Reached XP level 3. HP: 22/24 MP: 3/3
   970 | D:2      | Found an iron altar of Okawaru.
  1122 | D:2      | Reached skill level 4 in Fighting
  1144 | D:2      | Reached ** piety under Trog
  1144 | D:2      | Reached XP level 4. HP: 14/29 MP: 4/4
  1598 | D:2      | Found a white marble altar of Elyvilon.
  1627 | D:2      | Noticed Natasha
  1643 | D:2      | Killed Natasha
  1643 | D:2      | Reached XP level 5. HP: 20/34 MP: 5/5
  1811 | D:2      | Noticed Natasha
  1822 | D:2      | Killed Natasha
  2110 | D:3      | Noticed Robin
  2119 | D:3      | Reached *** piety under Trog
  2127 | D:3      | Reached skill level 5 in Fighting
  2148 | D:3      | Killed Robin
  2245 | D:3      | Noticed Ijyb
  2250 | D:3      | Paralysed by Ijyb for 6 turns
  2276 | D:3      | Paralysed by Ijyb for 2 turns
  2280 | D:3      | Killed Ijyb
  2280 | D:3      | Reached XP level 6. HP: 40/40 MP: 6/6
  2376 | D:3      | Noticed Sigmund
  2525 | D:3      | Slain by Sigmund

Vault maps used:
D:1:      elethiomel_arrival_shortcut
D:2:      lemuel_coloured_pillars_altar, okawaru_trees_2, uniq_natasha
D:3:      ecumenical_altar_2, uniq_sigmund, uniq_iyjb, uniq_robin

Action                   |  1- 3 |  4- 6 || total
-------------------------+-------+-------++-------
Melee: Mace              |   129 |   210 ||   339
  Use: Scroll            |     1 |     9 ||    10
  Eat: Royal jelly       |       |     1 ||     1
       Fruit             |       |     1 ||     1
       Bread ration      |       |     1 ||     1
